 Dungeon Sprint DCSS version 0.29.1-2-gbd0b4ee654 (webtiles) character file.

Game seed: 16807163223060072516

35742 concon the Thanatomancer (level 13, -15/99 HPs)
             Began as a Demonspawn Necromancer on Nov 26, 2022.
             Was the Champion of Qazlal.
             Killed from afar by a purple draconian (28 damage)
             ... with a bolt of dispelling energy
             ... in the Dungeon (Sprint V: "Ziggurat Sprint").
             The game lasted 00:20:49 (2647 turns).

concon the Thanatomancer (Demonspawn Necromancer)   Turns: 2647, Time: 00:20:50

Health: -15/99     AC: 11    Str:  8    XL:     13   Next: 49%
Magic:  26/35      EV: 24    Int: 28    God:    Qazlal [******]
Gold:   0          SH:  8    Dex: 21    Spells: 15/37 levels left

rFire   . . .      SeeInvis +   B - +6 Majin-Bo {vamp, MP+6 Int+6}
rCold   + . .      Faith    .   (shield currently unavailable)
rNeg    + . .      Spirit   .   M - +1 robe {rC+}
rPois   +          Reflect  .   r - +0 helmet {SInv}
rElec   +          Harm     .   G - +0 cloak of Muttered Phrases {rElec Slay+3}
rCorr   .          Rampage  .   (no gloves)
Will    .....      NoTele   +   (no boots)
Stlth   +.........              U - amulet of regeneration
HPRegen 0.00/turn               u - +6 ring of dexterity
MPRegen 0.24/turn               N - ring of the Shrieking God {rPois rN+ Dex+3}

@: agile, death channelling (expiring), protected from physical damage,
inhibited regen, studying 3 skills, repel missiles
A: hooves 1, thin metallic scales 2, powered by pain 1, demonic magic 1, clumsy
1, screaming 1, inhibited regeneration
a: Renounce Religion, Upheaval, Elemental Force, Disaster Area


You were in the Dungeon.
You worshipped Qazlal.
Qazlal was exalted by your worship.
You visited 1 branch

Inventory:

Hand Weapons
 B - the +6 Majin-Bo (weapon) {vamp, MP+6 Int+6}
   (You found it in the Dungeon)

   It heals its wielder for a portion of the damage dealt when they wound a
   living foe with it or with a spell.
   Its wielder's spells cost health as well as magical power.
   Int:       It affects your intelligence (+6).
   MP:        It affects your magic capacity (+6).
Missiles
 L - a throwing net
Armour
 r - a +0 helmet of see invisible (worn)
 G - the +0 cloak of Muttered Phrases (worn) {rElec Slay+3}
   (You found it in the Dungeon)

   Slay:      It affects your accuracy & damage with ranged weapons and melee
   (+3).
   rElec:     It insulates you from electricity.
 M - a +1 robe of cold resistance (worn)
Jewellery
 a - a +4 ring of evasion
 k - an amulet of guardian spirit
 u - a +6 ring of dexterity (left hand)
 K - the ring "Ofiem" {rC+ rN+}
   (You found it in the Dungeon)

   [ring of positive energy]

   rC:        It protects you from cold.
   rN:        It protects you from negative energy.
 N - the ring of the Shrieking God (right hand) {rPois rN+ Dex+3}
   (You took it off a naga mage in the Dungeon)

   [ring of positive energy]

   Dex:       It affects your dexterity (+3).
   rPois:     It protects you from poison.
   rN:        It protects you from negative energy.
 P - the ring of Ru's Regard {rPois rF+ Int+4}
   (You found it in the Dungeon)

   [ring of poison resistance]

   Int:       It affects your intelligence (+4).
   rF:        It protects you from fire.
   rPois:     It protects you from poison.
 U - an amulet of regeneration (around neck)
Wands
 q - a wand of mindburst (6)
 s - a wand of acid (1)
Scrolls
 m - 4 scrolls of amnesia
 n - 7 scrolls of butterflies
 o - 5 scrolls of identify
 p - 2 scrolls of fear
 S - a scroll of brand weapon
 T - 4 scrolls of enchant weapon
Potions
 b - 8 potions of magic
 c - 8 potions of curing
 d - 2 potions of heal wounds
 e - 5 potions of haste
 f - 3 potions of berserk rage
 h - 2 potions of brilliance
 i - a potion of invisibility
 j - 4 potions of resistance
 l - 5 potions of might
Miscellaneous
 A - a lightning rod (4/4) (quivered)
 C - a tin of tremorstones (2/2)
 D - a phial of floods
 H - a phial of floods


   Skills:
 * Level 8.4 Fighting
 + Level 2.8 Staves
 * Level 10.1 Dodging
 - Level 4.1 Stealth
 - Level 0.2 Shields
 * Level 12.7 Spellcasting
 * Level 8.3 Summonings
 * Level 21.7 Necromancy
 * Level 11.3 Transmutations
 * Level 11.0 Earth Magic
 * Level 15.0 Invocations
 * Level 14.3 Evocations


You had 15 spell levels left.
You knew the following spells:

 Your Spells              Type           Power      Damage    Failure   Level
a - Necrotise             Necr           100%       1d9       0%          1
b - Vampiric Draining     Necr           96%        2d12      0%          3
c - Haunt                 Necr/Summ      40%        N/A       5%          7
d - Borgnjor's Vile Clut  Necr/Erth      41%        N/A       1%          5
e - Death Channel         Necr           48%        N/A       1%          6

Your spell library contained the following spells:

 Spells                   Type           Power      Damage    Failure   Level
 Animate Dead             Necr           96%        N/A       0%          4
 Agony                    Necr           96%        N/A       0%          5
 Passwall                 Tmut/Erth      57%        N/A       1%          2
 Call Canine Familiar     Summ           59%        N/A       1%          3
 Ignite Poison            Fire/Tmut/Pois 39%        N/A       1%          3
 Summon Guardian Golem    Hex/Summ       41%        N/A       1%          3
 Animate Armour           Summ/Erth      100%       N/A       1%          4
 Infestation              Necr           48%        N/A       2%          8
 Ice Form                 Ice/Tmut       49%        N/A       3%          4
 Ensorcelled Hibernation  Hex/Ice        34%        N/A       4%          2
 Summon Ice Beast         Ice/Summ       41%        N/A       5%          4
 Dazzling Flash           Conj/Hex       34%        N/A       9%          3
 Frozen Ramparts          Ice            34%        1d6       9%          3
 Inner Flame              Hex/Fire       17%        N/A       9%          3
 Swiftness                Air            17%        N/A       9%          3
 Summon Forest            Summ/Tloc      20%        N/A       16%         5
 Fulminant Prism          Conj/Hex       8%         3d7       30%         4
 Iskenderun's Mystic Bla  Conj/Tloc      17%        2d5       30%         4
 Eringya's Noxious Bog    Tmut/Pois      24%        N/A       41%         6
 Metabolic Englaciation   Hex/Ice        8%         N/A       63%         5
 Silence                  Hex/Air        8%         N/A       63%         5
 Summon Hydra             Summ           29%        N/A       63%         7
 Conjure Ball Lightning   Conj/Air       8%         3x3d6     99%         6
 Starburst                Conj/Fire      8%         6d4       99%         6


Dungeon Overview and Level Annotations

Branches:
Dungeon (1/1)

Altars:
Ashenzari
Cheibriados
Dithmenos
Fedhas
Gozag
Hepliaklqana
Kikubaaqudgha
Makhleb
Nemelex Xobeh
Okawaru
Qazlal
Ru
Sif Muna
Trog
Uskayaw
Vehumet
Wu Jian
Xom
Yredelemnul
Jiyva
Lugonu

Annotations:
D 1 transporter


Innate Abilities, Weirdness & Mutations

You have large cloven feet.
You are mostly covered in thin metallic scales. (AC +3)
You sometimes gain a little power by taking damage.
Spells you cast may paralyse adjacent enemies.
You are clumsy. (Dex -2)
You occasionally shout uncontrollably at your foes.
You do not regenerate when monsters are visible.


Message History

Found fourteen items.
Found a transporter.
As you read the scroll of blinking, it crumbles to dust.
The Orb Guardian barely misses your spectral Orb Guardian.
Your spectral Orb Guardian hits the white draconian.
The Orb Guardian hits your spectral Orb Guardian but does no damage.
Your spectral purple draconian barely misses the green draconian.
Your spectral black draconian hits the green draconian!
The green draconian dies!
Qazlal accepts your kill.
A glowing mist starts to gather...
Your Invocations skill increases to level 15!
Unknown command.
Casting: Borgnjor's Vile Clutch (safe; 1% risk of failure)
Confirm with . or Enter, or press ? or * to list all spells.
You don't know that spell.
Aiming: Thunderbolt
Press: ? - help, Q - select action, (/) - cycle Shift-Dir - straight line, f - white draconian
Aim: a white draconian, wielding a +0 battleaxe
Okay, then.
Casting: Borgnjor's Vile Clutch (safe; 1% risk of failure)
Confirm with . or Enter, or press ? or * to list all spells.
Aiming: Borgnjor's Vile Clutch (safe; 1% risk of failure)
Press: ? - help, Shift-Dir - straight line, f - Orb Guardian
Aim: an Orb Guardian (severely wounded, very poisoned, ally target, 100% to hit)
Zombie hands grab the green draconian.
Zombie hands grab the purple draconian.
Zombie hands grab the Orb Guardian.
Malevolent energies surge around you.
* * * LOW HITPOINT WARNING * * *
The zombie hands constrict the Orb Guardian!
The zombie hands constrict the purple draconian.
The zombie hands constrict the green draconian!
Your spectral Orb Guardian hits the Orb Guardian!
Your spectral Orb Guardian drains the Orb Guardian.
The Orb Guardian dies!
Qazlal accepts your kill.
The purple draconian breathes dispelling energy at you.
The bolt of dispelling energy hits your spectral green draconian!!!
The bolt of dispelling energy hits you!!
Your magical effects are unravelling.
You die...

▓▓▓▓▓▓▓▓▓▓▓▓▓▓▓▓▓▓▓▓▓▓▓▓
.....8©8.....▓....8©8...
..)}))):§)...▓..)).)}.|.
...):○[.[)...▓..=)).[.).
.......@.....▓..).).|.).
▓.....d≈☼.....▓....[.....
▓....≈.Z§.☼...▓...[......
▓.....ZZd≈Z...▓...)|)[...
▓.......q.....▓..▓.....▓.
▓....d°dZdd...▓.▓▓▓...▓▓▓
▓..▓..d.≈.Z▓..▓..▓.....▓.
▓......§......▓.....©....
▓.........○○..▓▓▓▓▓▓▓▓▓▓▓


You could see a green draconian monk, 2 draconians, 2 draconians, a purple
draconian (catching breath, clutched, ally target), 2 draconians, a friendly
spectral Orb Guardian, a friendly spectral black draconian, 2 friendly spectral
green draconians, a friendly spectral purple draconian and a friendly spectral
red draconian.

Vanquished Creatures
  An Orb Guardian (D)
  2 liches (D)
  A tentacled starspawn (D)
  A nagaraja (D)
  A cacodemon (D)
  A ghoul (D)
  A green draconian (D)
  A black draconian (D)
  A purple draconian (D)
  A merfolk javelineer (D)
  2 deep elf high priests (D)
  4 dancing weapons (D)
  A vampire mage (D)
  A death scarab (D)
  2 deep elf knights (D)
  A sea snake (D)
  A deep elf archer (D)
  A harpy (D)
  3 deep elf zephyrmancers (D)
  4 necromancers (D)
  A manticore (D)
  3 draconians (D)
  6 deep elf pyromancers (D)
  A black mamba (D)
  2 water nymphs (D)
  2 guardian serpents (D)
  2 cane toads (D)
  An unseen horror (D)
  A rime drake (shapeshifter) (D)
  A komodo dragon (D)
  2 merfolk (D)
  A raiju (shapeshifter) (D)
  2 water elementals (D)
  A spriggan (D)
  A ynoxinul (D)
  A shadow (D)
  2 yaks (D)
  2 basilisks (D)
  A water moccasin (D)
  A black bear (D)
  2 wolves (D)
  2 earth elementals (D)
  A bullfrog (D)
  2 wights (D)
  4 crimson imps (D)
  A quasit (D)
  3 iron imps (D)
  An iguana (D)
  A small abomination (D)
  6 mummies (D)
  A river rat (D)
  3 white imps (D)
  2 ufetubi (D)
  2 adder zombies (D)
  An adder skeleton (D)
  A ball python (D)
  A ball python skeleton (D)
  A ball python zombie (D)
  A bat simulacrum (D)
  2 starspawn tentacles (D)
103 creatures vanquished.

Vanquished Creatures (collateral kills)
  An Orb Guardian (D)
  2 nagarajas (D)
  A green draconian (D)
  A red draconian (D)
  An anaconda (D)
  A manticore (D)
  A naga mage (D)
  2 komodo dragons (D)
  A raiju (D)
  A water elemental (D)
  A naga (D)
  A water moccasin (D)
  An iguana (D)
15 creatures vanquished.

Vanquished Creatures (others)
  A white imp (D)
  A ball python simulacrum (D)
2 creatures vanquished.

Grand Total: 120 creatures vanquished

Notes
Turn   | Place    | Note
-------+----------+-------------------------------------------
     0 | D        | concon the Demonspawn Necromancer began the quest for the
                  | Orb.
     0 | D        | Reached XP level 1. HP: 13/13 MP: 3/3
     0 | D        | Found a shimmering blue altar of Sif Muna.
     0 | D        | Found a sacrificial altar of Ru.
     0 | D        | Found a bloodstained altar of Trog.
     0 | D        | Found a stormy altar of Qazlal.
     0 | D        | Found an iron altar of Okawaru.
     0 | D        | Found a sparkling altar of Nemelex Xobeh.
     0 | D        | Found a blossoming altar of Fedhas.
     0 | D        | Found the +6 Majin-Bo {vamp, MP+6 Int+6}
     0 | D        | Found the +9 heavy crossbow "Sniper" {vorpal, Acc+∞ SInv}
     0 | D        | Found the +10 dark maul {vorpal}
     0 | D        | Found the +15 Maxwell's patent armour {-Cast -Tele rElec
                  | Will+ rCorr}
     0 | D        | Found the +18 shield of the Gong {rElec rN+ Will+ EV-5}
     0 | D        | Found the +14 obsidian axe {vorpal, Mesm Drain Fly SInv}
     0 | D        | Found the +7 great mace "Firestarter" {inner flame, rF++}
     0 | D        | Found the +6 shillelagh "Devastator" {shatter}
     0 | D        | Found the +11 plutonium sword {Contam Stlth-}
     0 | D        | Found the +8 lance "Wyrmbane" {slay drac, rPois rF+ rC+
                  | AC+3}
     0 | D        | Found the +9 sword of Zonguldrok {reap}
     0 | D        | Found the +13 scythe of Curses {drain, Drain}
     0 | D        | Found the +5 sword of Power {vorpal}
     0 | D        | Found the +7 mace of Variability {chain chaos}
     0 | D        | Found the +7 Singing Sword {vorpal, sonic wave}
     0 | D        | Found the +8 storm bow {elec, penet}
     2 | D        | Found a transporter.
     2 | D        | Found an ancient bone altar of Kikubaaqudgha.
     2 | D        | Found a viscous altar of Jiyva.
     2 | D        | Found a corrupted altar of Lugonu.
     2 | D        | Found a hazy altar of Hepliaklqana.
     2 | D        | Found a burning altar of Makhleb.
     2 | D        | Found an opulent altar of Gozag.
    82 | D        | Became a worshipper of Qazlal Stormbringer
    89 | D        | Gained mutation: You sometimes gain a little power by
                  | taking damage. [demonic ancestry]
    89 | D        | Reached XP level 2. HP: 19/19 MP: 5/5
    91 | D        | Entered arena 2.
    91 | D        | Noticed a spriggan
    91 | D        | Noticed a black bear
    91 | D        | Found a transporter.
    94 | D        | Killed a black bear
    95 | D        | Reached skill level 6 in Necromancy
    95 | D        | Reached skill level 5 in Transmutations
    95 | D        | Reached skill level 5 in Earth Magic
    95 | D        | Reached skill level 1 in Evocations
    95 | D        | Gained mutation: You have large cloven feet. [demonic
                  | ancestry]
    95 | D        | Reached XP level 3. HP: 8/24 MP: 6/6
    95 | D        | Gained mutation: You are partially covered in thin metallic
                  | scales. (AC +2) [demonic ancestry]
    95 | D        | Reached XP level 4. HP: 11/30 MP: 7/7
    95 | D        | Killed a spriggan
    96 | D        | Reached skill level 9 in Necromancy
    96 | D        | Gained mutation: You are mostly covered in thin metallic
                  | scales. (AC +3) [demonic ancestry]
    96 | D        | Reached XP level 5. HP: 13/36 MP: 9/9
   286 | D        | Entered arena 3.
   286 | D        | Noticed a draconian
   286 | D        | Noticed a draconian
   286 | D        | Noticed a draconian
   286 | D        | Found a transporter.
   294 | D        | Killed a draconian
   294 | D        | Reached * piety under Qazlal
   294 | D        | Killed a draconian
   295 | D        | Reached skill level 12 in Necromancy
   295 | D        | Reached skill level 5 in Invocations
   295 | D        | Reached XP level 6. HP: 19/42 MP: 12/12
   295 | D        | Reached XP level 7. HP: 21/47 MP: 13/13
   295 | D        | Gained mutation: Spells you cast may paralyse adjacent
                  | enemies. [demonic ancestry]
   295 | D        | Reached XP level 8. HP: 24/53 MP: 14/14
   297 | D        | Killed a draconian
   298 | D        | Reached skill level 13 in Necromancy
   487 | D        | Learned a level 3 spell: Vampiric Draining
   487 | D        | Entered arena 4.
   487 | D        | Noticed a deep elf pyromancer
   487 | D        | Noticed a deep elf knight
   487 | D        | Noticed a deep elf pyromancer
   487 | D        | Found a transporter.
   491 | D        | Killed a deep elf pyromancer
   491 | D        | Reached ** piety under Qazlal
   491 | D        | Killed a deep elf pyromancer
   492 | D        | Reached skill level 1 in Fighting
   492 | D        | Reached skill level 5 in Dodging
   492 | D        | Reached skill level 5 in Spellcasting
   492 | D        | Reached skill level 15 in Necromancy
   492 | D        | Reached skill level 5 in Evocations
   492 | D        | Reached XP level 9. HP: 59/59 MP: 16/16
   494 | D        | Killed a deep elf knight
   498 | D        | Got the Catalogue of the Septic Legion
   505 | D        | Entered arena 5.
   505 | D        | Noticed a cacodemon
   505 | D        | Found a transporter.
   508 | D        | Reached *** piety under Qazlal
   509 | D        | Reached skill level 16 in Necromancy
   515 | D        | Gained mutation: You do not regenerate when monsters are
                  | visible. [a cacodemon]
   517 | D        | Gained mutation: You occasionally shout uncontrollably at
                  | your foes. [a cacodemon]
   519 | D        | Gained mutation: You are clumsy. (Dex -2) [a cacodemon]
   520 | D        | Killed a cacodemon
   720 | D        | Entered arena 6.
   720 | D        | Noticed a deep elf pyromancer
   720 | D        | Noticed a deep elf zephyrmancer
   720 | D        | Noticed a +2 vorpal dire flail
   720 | D        | Noticed a deep elf knight
   720 | D        | Found a transporter.
   721 | D        | Killed a deep elf zephyrmancer
   722 | D        | Reached XP level 10. HP: 65/65 MP: 19/19
   722 | D        | Killed a +2 vorpal dire flail
   723 | D        | Reached skill level 17 in Necromancy
   723 | D        | Killed a deep elf pyromancer
   723 | D        | Killed a deep elf knight
   726 | D        | Reached **** piety under Qazlal
   727 | D        | Reached skill level 10 in Invocations
   854 | D        | Learned a level 7 spell: Haunt
   855 | D        | Entered arena 7.
   855 | D        | Noticed a deep elf pyromancer
   855 | D        | Noticed a deep elf high priest
   855 | D        | Noticed a deep elf zephyrmancer
   855 | D        | Noticed a deep elf pyromancer
   857 | D        | Killed a deep elf high priest
   858 | D        | Reached skill level 1 in Summonings
   858 | D        | Killed a deep elf pyromancer
   859 | D        | Reached skill level 18 in Necromancy
   859 | D        | Killed a deep elf pyromancer
   859 | D        | Reached ***** piety under Qazlal
   863 | D        | Killed a deep elf zephyrmancer
   864 | D        | Reached XP level 11. HP: 14/74 MP: 17/21
   864 | D        | Found a transporter.
   887 | D        | Learned a level 5 spell: Borgnjor's Vile Clutch
   894 | D        | Learned a level 6 spell: Death Channel
  1135 | D        | Entered arena 8.
  1135 | D        | Found the +8 mithril axe "Arga" {speed, Will+}
  1135 | D        | Noticed a tentacled starspawn
  1137 | D        | Killed a tentacled starspawn
  1141 | D        | Found a transporter.
  1149 | D        | Got the +0 cloak of Muttered Phrases {rElec Slay+3}
  1174 | D        | Entered arena 9.
  1180 | D        | Reached ****** piety under Qazlal
  1185 | D        | Found a transporter.
  1312 | D        | Entered arena 10.
  1312 | D        | Noticed a deep elf archer
  1312 | D        | Noticed a +4 vorpal dire flail
  1312 | D        | Noticed a deep elf pyromancer
  1312 | D        | Noticed a +0 long sword of holy wrath
  1312 | D        | Noticed a deep elf high priest
  1312 | D        | Noticed a deep elf zephyrmancer
  1314 | D        | Killed a deep elf pyromancer
  1316 | D        | Killed a deep elf high priest
  1316 | D        | Killed a deep elf zephyrmancer
  1316 | D        | Killed a deep elf archer
  1317 | D        | Reached skill level 19 in Necromancy
  1317 | D        | Reached skill level 10 in Evocations
  1318 | D        | Killed a +0 long sword of holy wrath
  1321 | D        | Found a transporter.
  1321 | D        | Killed a +4 vorpal dire flail
  1514 | D        | Entered arena 11.
  1518 | D        | Reached skill level 5 in Fighting
  1518 | D        | Reached skill level 1 in Staves
  1521 | D        | Reached skill level 5 in Summonings
  1527 | D        | Found a transporter.
  1537 | D        | Got the ring "Ofiem" {rC+ rN+}
  1592 | D        | Entered arena 12.
  1592 | D        | Noticed a harpy
  1592 | D        | Noticed a merfolk javelineer
  1592 | D        | Noticed a sea snake
  1593 | D        | Identified the +1 ring mail of Wasted Space {rC+++ Will-
                  | rCorr Str-3}
  1595 | D        | Reached XP level 12. HP: 54/86 MP: 24/25
  1598 | D        | Reached skill level 10 in Spellcasting
  1598 | D        | Killed a merfolk javelineer
  1599 | D        | Reached skill level 10 in Transmutations
  1606 | D        | Found a transporter.
  1613 | D        | Got the Treatise on Breath and Embers
  1867 | D        | Entered arena 13.
  1867 | D        | Noticed a nagaraja
  1867 | D        | Noticed a nagaraja
  1867 | D        | Noticed a nagaraja
  1868 | D        | Noticed an anaconda
  1868 | D        | Identified the ring of the Shrieking God {rPois rN+ Dex+3}
  1871 | D        | Reached skill level 20 in Necromancy
  1872 | D        | Reached skill level 10 in Earth Magic
  1874 | D        | Killed an anaconda
  1877 | D        | Killed a nagaraja
  1879 | D        | Killed a nagaraja
  1879 | D        | Killed a nagaraja
  1882 | D        | Found a transporter.
  1894 | D        | Got the ring of Ru's Regard {rPois rF+ Int+4}
  2126 | D        | Entered arena 14.
  2126 | D        | Noticed a mummy priest
  2127 | D        | Noticed a royal mummy
  2127 | D        | Noticed a royal mummy
  2128 | D        | Noticed a death scarab
  2130 | D        | Killed a death scarab
  2131 | D        | Noticed an emperor scorpion
  2131 | D        | Noticed an emperor scorpion
  2132 | D        | Noticed an emperor scorpion
  2132 | D        | Noticed an emperor scorpion
  2132 | D        | Noticed an emperor scorpion
  2134 | D        | Found a transporter.
  2136 | D        | Noticed a death scarab
  2136 | D        | Entered arena 15.
  2160 | D        | Found a transporter.
  2174 | D        | Got Sif Muna's Grimoire of Tainted Imprecation
  2460 | D        | Entered arena 16.
  2461 | D        | Noticed a lich
  2461 | D        | Noticed a lich
  2461 | D        | Noticed a ghoul
  2462 | D        | Noticed a vampire mage
  2464 | D        | Noticed a jiangshi
  2466 | D        | Reached skill level 21 in Necromancy
  2466 | D        | Reached XP level 13. HP: 52/96 MP: 25/28
  2467 | D        | Killed a lich
  2469 | D        | Killed a lich
  2470 | D        | Found a transporter.
  2471 | D        | Killed a ghoul
  2534 | D        | Entered arena 17.
  2635 | D        | Noticed an Orb Guardian
  2636 | D        | Noticed a green draconian
  2636 | D        | Noticed a white draconian
  2636 | D        | Noticed a green draconian
  2637 | D        | Noticed a black draconian
  2637 | D        | Noticed a green draconian
  2638 | D        | Noticed an Orb Guardian
  2638 | D        | Noticed a green draconian monk
  2638 | D        | Noticed a black draconian
  2638 | D        | Noticed a black draconian
  2638 | D        | Noticed a red draconian
  2638 | D        | Noticed a purple draconian
  2638 | D        | Noticed a purple draconian
  2638 | D        | Noticed a green draconian
  2640 | D        | Noticed a white draconian
  2642 | D        | Killed a black draconian
  2642 | D        | Killed an Orb Guardian
  2644 | D        | Killed a purple draconian
  2645 | D        | Killed a green draconian
  2645 | D        | Killed a red draconian
  2646 | D        | Reached skill level 10 in Dodging
  2646 | D        | Found a transporter.
  2646 | D        | Killed a green draconian
  2647 | D        | Reached skill level 15 in Invocations
  2647 | D        | Killed an Orb Guardian
  2647 | D        | Killed from afar by a purple draconian

Illustrated notes

Levels and vault maps discovered:
D:        sprint_v [room_start, room_1, room_2, room_3, room_4, room_5, room_6,
          room_7, room_8, room_9, room_10, room_11, room_12, room_13, room_14,
          room_15, room_16, room_17, room_18, room_19, room_20, room_21,
          room_22, room_23, room_24, room_25, room_26, room_27]

Skill      XL: |  1  2  3  4  5  6  7  8  9 10 11 12 13 |
---------------+----------------------------------------+-----
Transmutations | 4 5 6 7 8 9 10 11 | 11.3
Earth Magic    | 4 5 6 7 8 9 10 11 | 11.0
Dodging        | 2 3 4 5 6 7 8 9 10 | 10.1
Stealth        | 2 3 4 |  4.1
Necromancy     | 6 9 12 15 16 18 19 21 | 21.7
Invocations    | 2 3 5 7 9 10 12 13 15 | 15.0
Evocations     | 1 2 4 5 6 8 10 12 14 | 14.3
Spellcasting   | 3 4 5 6 7 9 11 12 | 12.7
Fighting       | 1 2 5 7 8 |  8.4
Summonings     | 2 5 7 8 |  8.3
Staves         | 1 2 |  2.8
Shields        | |  0.2

Action                   |  1- 3 |  4- 6 |  7- 9 | 10-12 | 13-15 || total
-------------------------+-------+-------+-------+-------+-------++-------
Melee: Quarterstaff      |       |       |       |    21 |       ||    21
       Kick              |       |       |       |     8 |       ||     8
 Cast: Necrotise         |       |     1 |     3 |     6 |       ||    10
       Vampiric Draining |       |       |     1 |     9 |       ||    10
       Borgnjor's Vile C |       |       |       |    11 |     4 ||    15
       Death Channel     |       |       |       |     6 |     1 ||     7
Invok: Upheaval          |       |       |     7 |     2 |     2 ||    11
       Disaster Area     |       |       |       |     1 |     2 ||     3
Evoke: Lightning rod     |     3 |     5 |     6 |    14 |     3 ||    31
       Wand              |       |     2 |     3 |     7 |     2 ||    14
       Tin of tremorston |       |       |       |    11 |     2 ||    13
  Use: Potion            |     1 |       |     4 |     8 |       ||    13
       Scroll            |       |     1 |       |     1 |     2 ||     4
 Stab: Paralysed         |       |       |       |     4 |       ||     4
       Distracted        |       |       |       |     1 |       ||     1
Armor: Robe              |     2 |       |     1 |     2 |     2 ||     7
Dodge: Dodged            |     3 |     1 |     2 |    32 |     4 ||    42
       Repelled          |       |       |       |     1 |     1 ||     2
Block: Other             |       |       |     2 |    19 |     2 ||    23
